 Dungeon Crawl Stone Soup version 0.22.1-2-g9c5b331383 (webtiles) character file.

1084 lrds666 the Grave Robber (level 8, -11/51 HPs)
             Began as a Mummy Necromancer on Jan 3, 2019.
             Was a Believer of Hepliaklqana.
             Mangled by Elizilla's ghost (12 damage)
             ... on level 6 of the Dungeon.
             The game lasted 00:53:25 (14633 turns).

lrds666 the Grave Robber (Mummy Necromancer)       Turns: 14633, Time: 00:53:26

Health: -11/51     AC: 15    Str: 14    XL:     8   Next: 8%
Magic:  12/12      EV:  4    Int: 18    God:    Hepliaklqana [**....]
Gold:   327        SH:  0    Dex: 12    Spells: 11/12 levels left

rFire    x . .     SeeInvis .   D - +0 battleaxe
rCold    + . .     Gourm    .   (shield currently unavailable)
rNeg     + + +     Faith    .   F - +1 plate armour
rPois    ∞         Spirit   .   b - +0 helmet
rElec    .         Reflect  .   (no cloak)
rCorr    .         Harm     .   (no gloves)
MR       +....                  (no boots)
Stlth    ..........             d - amulet of the acrobat
HPRegen  0.17/turn              c - +2 ring of protection
MPRegen  0.13/turn              k - +4 ring of intelligence

@: no status effects
A: no food or potions, fire vulnerability, reduced essence, cold resistance 1,
negative energy resistance 3, torment resistance, unbreathing
a: Ancestor Life: Knight, Ancestor Life: Battlemage, Ancestor Life: Hexer,
Recall Ancestor, Ancestor Identity, Renounce Religion


You were on level 6 of the Dungeon.
You worshipped Hepliaklqana.
Hepliaklqana was pleased with you.
You were not hungry.

You visited 1 branch of the dungeon, and saw 6 of its levels.

You collected 327 gold pieces.

Inventory:

Hand Weapons
 D - a +0 battleaxe (weapon)
Missiles
 e - a throwing net (quivered)
Armour
 b - a +0 helmet (worn)
 F - a +1 plate armour (worn)
Jewellery
 c - a +2 ring of protection (left hand)
 d - an amulet of the acrobat (around neck)
 f - an uncursed ring of flight {unknown}
 g - a +3 ring of protection
 k - a +4 ring of intelligence (right hand)
Wands
 h - a wand of flame (29)
 n - a wand of digging (17)
Scrolls
 a - a scroll of magic mapping {unknown}
 i - 4 scrolls of teleportation
 j - a scroll of random uselessness {unknown}
 l - a scroll of enchant armour
 m - a scroll of amnesia {unknown}
 o - 2 scrolls of remove curse
 r - 5 scrolls of identify
 u - a scroll of fog


   Skills:
 + Level 2.5 Fighting
   Level 0.8 Short Blades
 - Level 4.1 Axes
 + Level 3.6 Armour
 + Level 2.2 Dodging
 + Level 2.5 Stealth
 * Level 2.7 Spellcasting
 * Level 6.0 Necromancy


You had 11 spell levels left.
You knew the following spells:

 Your Spells              Type           Power        Failure   Level  Hunger
a - Pain                  Necr           ###.         80%         1    N/A

Your spell library contained the following spells:

 Spells                   Type           Power        Failure   Level  Hunger
 Animate Skeleton         Necr           N/A          80%         1    N/A
 Vampiric Draining        Necr           ###.......   99%         3    N/A
 Animate Dead             Necr           N/A          100%        4    N/A
 Regeneration             Chrm/Necr      Unusable     N/A         3    N/A

Dungeon Overview and Level Annotations

Branches:
Dungeon (6/15)             Temple (0/1) D:6

Altars:
Fedhas
Gozag
Hepliaklqana
Nemelex Xobeh
Okawaru
Ru
Xom
Zin

Shops:
D:4 %==*

Annotations:
D:5 1 runed door
D:6 1 transporter, Elizilla's ghost, novice TrFi


Innate Abilities, Weirdness & Mutations

You do not eat or drink.
Your flesh is vulnerable to fire.
You are immune to poison.
Your flesh is cold resistant. (rC+)
You are immune to negative energy. (rN+++)
You are immune to unholy pain and torment.
You can survive without breathing.
Your life essence is reduced to manifest your ancestor. (-10% HP)


Message History

Æðelind barely misses the spectral worker ant.
The howler monkey skeleton hits Æðelind.
The bullfrog zombie hits you but does no damage.
Elizilla's ghost hits you! Æðelind hits the spectral worker ant!
The spectral worker ant is destroyed!
The bullfrog zombie hits you.
The howler monkey skeleton barely misses Æðelind. Æðelind hits the bullfrog zombie.
The howler monkey skeleton hits Æðelind but does no damage. Æðelind hits the bullfrog zombie.
The howler monkey skeleton hits Æðelind.
You see here a wand of digging (17).
n - a wand of digging (17) Æðelind closely misses the bullfrog zombie.
Your plate armour prevents you from hitting the wraith.
You hit Elizilla's ghost. Elizilla's ghost hits you!!
* * * LOW HITPOINT WARNING * * *
The wraith hits you but does no damage. The bullfrog zombie barely misses you.
Elizilla's ghost hits you!
You die...

#....##### ##...#
##....##############.....
#..#.#...................
#.##.#%#############.....
#.##.#.#.$........©#.....
#.##.#.#......[....#.....
#.#..#.#..###.###Z.#.....
##.#.##!#..#8#.#8#..#.###.
#..#.#..#@W(........#..##.
#.##...©#.WZ..©.....#©..#.
#.......#(ZR........#...#.
####.##.#..#8#.#8#..#.....
#.#..#..###.###..#.##..
#....#...........#.###.
####.#.........$.#...!.
#.#############.....
#...................


You could see the friendly Æðelind the ancestor, a wraith, Elizilla's ghost, a
bullfrog zombie and a howler monkey skeleton.

Vanquished Creatures
  An ogre (D:5)
  A crimson imp (D:3)
  An iguana (D:4)
  2 worker ants
  A hound zombie (D:6)
  A hound skeleton (D:5)
  A worker ant zombie (D:6)
  5 adders
  6 gnolls
  An ooze (D:1)
  An adder skeleton (D:5)
  A worm (D:4)
  3 dart slugs
  A leopard gecko (D:4)
  12 orcs
  2 giant cockroaches (D:1)
  4 goblins
  5 hobgoblins
  2 jackals (D:5)
  A quokka (D:3)
  A ball python (D:1)
  A frilled lizard (D:2)
  A kobold (D:1)
  4 rats (D:1)
59 creatures vanquished.

Vanquished Creatures (collateral kills)
  Menkaure (D:5)
  A sky beast (D:5)
  A phantom (D:4)
  A howler monkey (D:5)
  A crimson imp (D:5)
  An orc wizard (D:4)
  5 hounds
  An iguana (D:6)
  A spectral worker ant (D:6)
  4 gnolls
  2 adders
  An adder zombie (D:5)
  A leopard gecko (D:4)
  5 orcs
  2 bats (D:3)
  2 giant cockroaches (D:4)
  2 hobgoblins
  5 jackals
  3 quokkas
  2 frilled lizards
  A quokka skeleton (D:5)
43 creatures vanquished.

Vanquished Creatures (others)
  3 ancestors
3 creatures vanquished.

Grand Total: 105 creatures vanquished

Notes
Turn   | Place    | Note
-------+----------+-------------------------------------------
     0 | D:1      | lrds666 the Mummy Necromancer began the quest for the Orb.
     0 | D:1      | Reached XP level 1. HP: 13/13 MP: 4/4
  2839 | D:1      | Reached XP level 2. HP: 15/19 MP: 5/5
  3836 | D:2      | Found an iron altar of Okawaru.
  4384 | D:2      | Found a blossoming altar of Fedhas.
  4772 | D:3      | Reached XP level 3. HP: 11/24 MP: 7/7
  6031 | D:3      | Found a hazy altar of Hepliaklqana.
  6088 | D:3      | Reached skill level 1 in Fighting
  6088 | D:3      | Reached XP level 4. HP: 17/32 MP: 8/8
  6187 | D:3      | Became a worshipper of Hepliaklqana the Forgotten
  7662 | D:3      | Reached skill level 1 in Axes
  7662 | D:3      | Reached skill level 1 in Armour
  7846 | D:3      | Reached XP level 5. HP: 26/33 MP: 9/9
  9706 | D:4      | Found Uvustriar's Assorted Antiques.
  9741 | D:4      | HP: 1/33 [orc/hand axe (1)]
  9749 | D:4      | Reached XP level 6. HP: 2/38 MP: 10/10
 10161 | D:4      | Found Xanakor's Jewellery Boutique.
 10258 | D:4      | Reached skill level 5 in Necromancy
 10994 | D:4      | Found Naduw's Jewellery Emporium.
 11292 | D:4      | Found an opulent altar of Gozag.
 11311 | D:4      | Found Bujolear's Food Shoppe.
 11443 | D:5      | Entered Level 5 of the Dungeon
 11462 | D:5      | Reached * piety under Hepliaklqana
 11577 | D:5      | Noticed a sky beast
 11595 | D:5      | Killed a sky beast
 11595 | D:5      | Reached XP level 7. HP: 14/44 MP: 11/11
 12108 | D:5      | Noticed Menkaure
 12112 | D:5      | HP: 1/44 [Menkaure (7)]
 12121 | D:5      | Killed Menkaure
 12923 | D:5      | Found a glowing silver altar of Zin.
 12923 | D:5      | Found a runed door.
 12923 | D:5      | Noticed an angel
 13145 | D:5      | Found a sacrificial altar of Ru.
 13663 | D:6      | Got a jewelled scale mail
 13675 | D:6      | Found a sparkling altar of Nemelex Xobeh.
 13756 | D:6      | Reached XP level 8. HP: 46/51 MP: 12/12
 13800 | D:6      | Found a transporter.
 13822 | D:6      | Noticed Elizilla's ghost (novice TrFi)
 13829 | D:6      | Found a transporter.
 13871 | D:6      | Reached ** piety under Hepliaklqana
 14063 | D:6      | Found a staircase to the Ecumenical Temple.
 14119 | D:6      | Reached skill level 6 in Necromancy
 14431 | D:6      | Found a shimmering altar of Xom.
 14632 | D:6      | HP: 1/51 [Elizilla's ghost (22)]
 14633 | D:6      | Mangled by Elizilla's ghost

Skill      XL: |  1  2  3  4  5  6  7  8 |
---------------+-------------------------+-----
Stealth        | 2 |  2.5
Dodging        | 2 |  2.2
Fighting       | 1 2 |  2.5
Axes           | 1 2 3 4 |  4.1
Armour         | 1 2 3 |  3.6
Necromancy     | 5 6 |  6.0
Short Blades   | |  0.8
Spellcasting   | |  2.7

Action                   |  1- 3 |  4- 6 |  7- 9 || total
-------------------------+-------+-------+-------++-------
Melee: Short sword       |   118 |       |       ||   118
       Battleaxe         |    80 |   175 |    77 ||   332
Evoke: Wand              |       |     1 |       ||     1
  Use: Scroll            |     4 |     2 |     1 ||     7
 Stab: Sleeping          |     2 |       |       ||     2
       Distracted        |       |     4 |       ||     4
Armor: Robe              |     2 |       |       ||     2
       Ring mail         |    52 |       |       ||    52
       Plate armour      |    74 |   199 |   118 ||   391
Dodge: Dodged            |   108 |    59 |    73 ||   240
